 Dungeon Crawl Stone Soup version 0.31-a0-216-g22e908daa7 (webtiles) character file.

Game seed: 8513428610479615488

115 qw the Shooter (level 5, -5/30 HPs)
             Began as a Gargoyle Hexslinger on July 2, 2023.
             Killed from afar by Terence (8 damage)
             ... with a puff of flame
             ... on level 2 of the Dungeon.
             The game lasted 00:00:38 (1161 turns).

qw the Shooter (Gargoyle Hexslinger)                Turns: 1161, Time: 00:00:39

Health: -5/30      AC:  6    Str: 12    XL:     5   Next: 0%
Magic:  6/6        EV: 12    Int: 13    God:
Gold:   134        SH:  0    Dex: 14    Spells: 5/6 levels left

rFire   . . .        b - +0 orcbow
rCold   . . .        (shield currently unavailable)
rNeg    + . .        c - +0 robe
rPois   inf          (no helmet)
rElec   +            (no cloak)
rCorr   .            (no gloves)
SInv    .            (no boots)
Will    .....        (no amulet)
Stlth   +            (no ring)
HPRegen 0.25/turn    (no ring)
MPRegen 0.10/turn

%: no passive effects
@: no status effects
A: sickness immunity, AC +4, negative energy resistance 1, electricity
resistance, torment resistance 1, petrification resistance
a: no special abilities


You were on level 2 of the Dungeon.
You visited 1 branch of the dungeon, and saw 2 of its levels.

You collected 134 gold pieces.


Innate Abilities, Weirdness & Mutations

You are immune to sickness and miasma.
Your stone body is resilient. (AC +4)
You are immune to poison.
You resist negative energy. (rN+)
You are resistant to electric shocks. (rElec)
You are resistant to unholy torment.
You are immune to petrification.


   Skills:
 - Level 2.0 Fighting
 + Level 4.7 Ranged Weapons
 - Level 1.5 Dodging
 - Level 1.0 Spellcasting
 - Level 2.6 Hexes


You had 5 spell levels left.
You knew the following spells:

 Your Spells              Type           Power      Damage    Failure   Level
a - Slow                  Hex            28%        N/A       10%         1

Your spell library contained the following spells:

 Spells                   Type           Power      Damage    Failure   Level
 Inner Flame              Hex/Fire       4%         N/A       43%         3
 Portal Projectile        Hex/Tloc       8%         N/A       43%         3
 Cause Fear               Hex            3%         N/A       67%         4

Inventory:

Hand Weapons
 b - a +0 orcbow (weapon)
Armour
 c - a +0 robe (worn)
 h - a +0 pair of boots
Potions
 a - 2 potions of enlightenment
 d - a potion of lignification {unknown}
 i - a potion of might {unknown}

Dungeon Overview and Level Annotations

Branches:
Dungeon (2/15)

Altars:

Annotations:
D:2 Terence


Message History

You shoot an arrow. The arrow hits the adder!
The adder is almost dead.
You shoot an arrow. The arrow hits the adder.
You kill the adder!
You have reached level 5!
You shoot an arrow. The arrow closely misses Terence.
Terence closely misses you.
You shoot an arrow. The arrow hits Terence.
Terence is severely wounded.
Terence barely misses you.
You shoot an arrow. The arrow barely misses Terence.
Terence barely misses you. Terence hits you with a +0 flail.
You shoot an arrow. The arrow closely misses Terence.
Terence hits you with a +0 flail.
You shoot an arrow. The arrow barely misses Terence.
Terence closely misses you.
You shoot an arrow. The arrow hits Terence.
Terence is severely wounded.
Terence closely misses you. Terence misses you.
You shoot an arrow. The arrow closely misses Terence.
Terence hits you with a +0 flail.
You shoot an arrow.
The arrow hits Terence but does no damage.
Terence is severely wounded.
Terence barely misses you.
You shoot an arrow. The arrow completely misses Terence.
Terence closely misses you.
You shoot an arrow. The arrow hits Terence.
Terence is almost dead.
Terence zaps a wand.
The puff of flame hits you!
Terence says, "Time to say good-bye..."
Terence hits you with a +0 flail!
You shoot an arrow. The arrow hits Terence.
Terence is almost dead.
Terence zaps a wand.
The puff of flame hits you!
You shoot an arrow.
The arrow hits Terence but does no damage.
Terence is almost dead.
Terence zaps a wand.
The puff of flame hits you!
You die...

. ###### #### ..
####....#######... ...
................## ....
........#########
.....#####.....##
......@.##......# # #@.#....#.#
## ##.#....#.# ##.
#...#####.######.. ####.#..##
#?##.##..# #.?......###...##..##
#.###......#..##..##. ####
###...###......##..##..
..<########.......###.....##..##.
....................###...###..##


You could see Terence.

Vanquished Creatures
  Jessica (D:2)
  4 adders (D:2)
  A worm (D:2)
  2 dart slugs
  4 ball pythons
  5 bats
  3 endoplasms
  8 goblins
  4 hobgoblins
  A kobold (D:2)
  3 quokkas (D:1)
  4 frilled lizards (D:1)
  5 rats
45 creatures vanquished.

Notes
Turn   | Place    | Note
-------+----------+-------------------------------------------
     0 | D:1      | qw the Gargoyle Hexslinger began the quest for the Orb.
     0 | D:1      | Reached XP level 1. HP: 12/12 MP: 2/2
     0 | D:1      | 0 ||| qw: Version: 0.3-a-39-g4513739
     0 | D:1      | 0 ||| qw: Game counter: 7887
     0 | D:1      | 0 ||| qw: Melee chars always use a shield: true
     0 | D:1      | 0 ||| qw: God list: Okawaru
     0 | D:1      | 0 ||| qw: Allow faded altars: false
     0 | D:1      | 0 ||| qw: Do Orc after clearing Dungeon:15 true
     0 | D:1      | 0 ||| qw: Do second Lair branch before Depths: true
     0 | D:1      | 0 ||| qw: Lair rune preference: random
     0 | D:1      | 0 ||| qw: Goals: Normal
     0 | D:1      | 0 ||| PLANNING D:1-11
    32 | D:1      | Reached XP level 2. HP: 13/16 MP: 3/3
    99 | D:1      | Reached skill level 3 in Ranged Weapons
   139 | D:1      | 139 ||| FLEEEEING.
   140 | D:1      | 140 ||| FLEEEEING.
   141 | D:1      | 141 ||| FLEEEEING.
   177 | D:1      | You fall into a shaft and drop 1 floor!
   243 | D:2      | Reached XP level 3. HP: 21/21 MP: 4/4
   249 | D:2      | Noticed Jessica
   255 | D:2      | Killed Jessica
   370 | D:2      | 370 ||| READING scroll labelled ARA KIXTEU.
   371 | D:2      | 371 ||| READING scroll labelled CORIAVUTEGG.
   372 | D:2      | 372 ||| READING scroll labelled YKHLUL RY FUUBA.
   373 | D:2      | 373 ||| READING scroll labelled NEAZIJ APHANN.
   378 | D:2      | 378 ||| FLEEEEING.
   379 | D:2      | 379 ||| FLEEEEING.
   380 | D:2      | 380 ||| STAIRDANCE
   536 | D:1      | Reached XP level 4. HP: 19/26 MP: 5/5
   659 | D:1      | 659 ||| DRINKING 2 green potions.
   660 | D:1      | 660 ||| DROPPING scroll of poison.
   722 | D:2      | Reached skill level 4 in Ranged Weapons
   882 | D:2      | 882 ||| SWAPPING to +0 orcbow.
   885 | D:2      | 885 ||| DROPPING +1 sling.
  1143 | D:2      | Noticed Terence
  1150 | D:2      | Reached XP level 5. HP: 30/30 MP: 6/6
  1160 | D:2      | HP: 3/30 [Terence/puff of flame (8)]
  1161 | D:2      | Killed from afar by Terence

Levels and vault maps discovered:
D:1:      giann_horns, layout_rooms
D:2:      minmay_alternating_diamond, layout_rooms, minmay_unequal,
          uniq_terence, uniq_jessica

Skill      XL: |  1  2  3  4 |
---------------+-------------+-----
Ranged Weapons | 3 4 |  4.7
Fighting       | 2 |  2.0
Dodging        | |  1.5
Spellcasting   | |  1.0
Hexes          | |  2.6

Action                     |  1- 3 |  4- 6 || total
---------------------------+-------+-------++-------
   Fire: Sling             |    84 |    40 ||   124
         Orcbow            |       |    51 ||    51
    Use: Scroll            |     4 |       ||     4
         Potion            |       |     1 ||     1
 Armour: Robe              |    26 |    19 ||    45
  Dodge: Dodged            |    36 |    42 ||    78

Table legend:
 A = Non-vault XP
 B = Vault XP
 C = Vault XP percentage of total XP
 D = Non-vault monster count
 E = Vault monster count
 F = Vault count percentage of total count
                 A         B        C        D         E       F
            +---------+---------+-------+---------+---------+-------
      Total |     116 |      49 |  29.7 |      38 |       7 |  15.6
            +---------+---------+-------+---------+---------+-------
        D:1 |      43 |       0 |   0.0 |      25 |       0 |   0.0
        D:2 |      73 |      49 |  40.2 |      13 |       7 |  35.0
            +---------+---------+-------+---------+---------+-------
